 Dungeon Crawl Stone Soup version 0.21-a0-125-gb006224 (webtiles) character file.

49 sagitran the Skirmisher (level 3, -1/29 HPs)
             Began as a Demonspawn Abyssal Knight on July 14, 2017.
             Was a Follower of Lugonu.
             Slain by Natasha (9 damage)
             ... on level 2 of the Dungeon.
             The game lasted 00:06:26 (1326 turns).

sagitran the Skirmisher (Demonspawn Abyssal Knight) Turns: 1326, Time: 00:06:26

Health: -1/29      AC:  4    Str: 13    XL:     3   Next: 53%
Magic:  4/4        EV: 11    Int: 13    God:    Lugonu [*.....]
Gold:   83         SH:  0    Dex: 12    Spells: 2/2 levels left

rFire    . . .     SeeInvis .   a - +1 hand axe
rCold    + . .     Gourm    .   (no shield)
rNeg     . . .     Faith    .   b - +0 leather armour
rPois    .         Spirit   .   (no helmet)
rElec    .         Reflect  .   e - +0 cloak
rCorr    .         Harm     .   (no gloves)
MR       .....                  (no boots)
Stlth    +.........             (no amulet)
HPRegen  0.09/turn              g - ring of protection from cold
MPRegen  0.09/turn              (no ring)

@: slowed, very slow
A: spiny 1
a: Depart the Abyss, Renounce Religion


You were on level 2 of the Dungeon.
You worshipped Lugonu.
Lugonu was aware of your devotion.
You were not hungry.

You visited 1 branch of the dungeon, and saw 2 of its levels.
You visited the Abyss 1 time.

You collected 83 gold pieces.

Inventory:

Hand Weapons
 a - a +1 hand axe (weapon)
Armour
 b - a +0 leather armour (worn)
 e - a +0 cloak (worn)
 l - a +2 cloak
Jewellery
 g - a ring of protection from cold (left hand)
Scrolls
 d - a scroll of remove curse
 h - 2 scrolls of enchant armour {unknown}
 i - 2 scrolls of amnesia {unknown}
 j - a scroll of identify {unknown}
Potions
 k - a potion of agility {unknown}
Comestibles
 c - a bread ration
 f - a meat ration


   Skills:
 + Level 3.6 Fighting
 + Level 2.5 Axes
 + Level 2.1 Armour
 + Level 1.1 Dodging
 + Level 2.5 Invocations


You had 2 spell levels left.
You didn't know any spells.

Dungeon Overview and Level Annotations

Branches:
Dungeon (2/15)

Altars:
Fedhas
Vehumet
Zin

Annotations:
D:2 Natasha


Innate Abilities, Weirdness & Mutations

You are partially covered in sharp spines.


Message History

Natasha stares at you and mumbles some strange words.
You resist with significant effort.
You closely miss Natasha.
Natasha is moderately wounded.
Natasha casts a spell.
Natasha stares at you and mumbles some strange words.
You resist with significant effort.
You hit Natasha.
Natasha is heavily wounded.
You barely miss the white imp.
Natasha howls an incantation.
You feel disoriented.
Natasha stares at you and mumbles some strange words.
The magic dart hits you! The white imp is struck by your spines.
The white imp hits you. The white imp freezes you. You resist.
* * * LOW HITPOINT WARNING * * *
As you read the scroll labeled CUNTAK JURU, it crumbles to dust.
You feel blessed for a moment.
It was a scroll of remove curse.
Natasha claws you!
You die...

##########
###........#
##.#.######.#
###5#..## #.#
#.h###h.#####.# #@##
##....##.#
..#.##5.###..##.##.#
..........#...##.##.#
........##.#....)...#
.##...#.......##.####
##.###########(.# #.#
#. ##.# #.# # #.# #.#
##+## #.#


You could see Natasha, a white imp and a shadow imp.

Vanquished Creatures
  2 adders (D:2)
  A worm (D:2)
  2 leopard geckos (D:2)
  A bat (D:1)
  A giant cockroach (D:1)
  6 goblins
  2 hobgoblins
  A quokka (D:2)
  4 frilled lizards
  3 kobolds
  4 rats
27 creatures vanquished.

Notes
Turn   | Place    | Note
-------+----------+-------------------------------------------
     0 | Abyss:1  | sagitran the Demonspawn Abyssal Knight began the quest for the Orb.
     0 | Abyss:1  | Reached XP level 1. HP: 18/18 MP: 2/2
    35 | D:1      | Escaped the Abyss
   296 | D:1      | Reached * piety under Lugonu
   296 | D:1      | Reached skill level 1 in Dodging
   296 | D:1      | Gained mutation: You are partially covered in sharp spines. [demonic ancestry]
   296 | D:1      | Reached XP level 2. HP: 21/24 MP: 3/3
   786 | D:2      | Found a glowing silver altar of Zin.
   786 | D:2      | Found a radiant altar of Vehumet.
   787 | D:2      | Found a blossoming altar of Fedhas.
  1142 | D:2      | Reached XP level 3. HP: 29/29 MP: 4/4
  1305 | D:2      | Noticed Natasha
  1326 | D:2      | Slain by Natasha

Vault maps used:
D:1:      tarquinn_simple_flora_water_d, minmay_tetromino_l2
D:2:      gammafunk_temple_overflow_claw, first_bread, uniq_natasha
Abyss:1:  minivault_1

Skill      XL: |  1  2 |
---------------+-------+-----
Axes           | 2 |  2.5
Dodging        | 1 |  1.1
Armour         | 2 |  2.1
Fighting       | |  3.6
Invocations    | |  2.5

Action                   || total
-------------------------++-------
Melee: Hand axe          ||    77
Invok: Depart the Abyss  ||     1
  Use: Scroll            ||     1
  Eat: Bread ration      ||     1
Armor: Leather armour    ||    14
Dodge: Dodged            ||    54
